Map: Site Delta LE

Players

Angry

  • Race: Terran Terran
  • League: Grandmaster
  • Spawn Location: 11:00

SI 1 (Elitarna) - Winner!

  • Race: Zerg Zerg
  • Spawn Location: 5:00

VOD

Have the link to the VOD?

Description

Time

  • Played on: Aug. 24, 2024, 2:24 p.m.
  • Length: 8:07
Show
View Real Time Build Order
Export as new Build Order

Angry Terran 

Build Orders: 1/1/1 

Get SALT Encoding   

  12  0:00  SCV  
  13  0:12  SCV  
  14  0:17  Supply Depot  
  14  0:24  SCV  
  15  0:39  SCV  
  15  0:40  Barracks  
  16  0:45  Refinery  
  16  0:51  SCV  
  16  0:53  Refinery  
  17  1:03  SCV  
  18  1:15  SCV  
  19  1:28  Barracks Reactor  
  19  1:29  Orbital Command  
  19  1:30  Supply Depot  
  19  1:44  Factory  
  19  1:56  SCV  
  20  2:04  Marine x2  
  22  2:08  SCV  
  22  2:15  Supply Depot  
  23  2:20  SCV  
  24  2:24  Marine x2  
  24  2:27  Factory Tech Lab  
  24  2:29  Starport  
  26  2:33  SCV  
  27  2:39  Supply Depot  
  27  2:41  Marine  
  27  2:43  Marine  
  29  2:45  SCV  
  30  2:55  Siege Tank  
  33  2:59  Marine  
  33  3:01  Marine  
  35  3:07  Medivac  
  37  3:14  Supply Depot  
  37  3:17  Marine  
  38  3:20  Marine  
  39  3:30  Siege Tank  
  42  3:37  Medivac  
  42  3:39  Marine  
  45  3:42  Marine  
  46  3:49  Supply Depot  
  46  3:57  Marine  
  46  4:00  Marine  
  48  4:06  Siege Tank  
  51  4:14  Medivac  
  53  4:17  Supply Depot  
  53  4:19  Marine  
  53  4:24  Marine  
  55  4:43  Siege Tank  
  55  4:44  Marine x2  
  60  4:49  Medivac  
  62  4:53  Supply Depot  
  57  5:02  Marine x2  
  59  5:19  Siege Tank  
  59  5:20  Marine x2  
  64  5:31  Medivac  
  66  5:38  Marine x2  
  66  5:39  Supply Depot  
  68  5:59  Marine x2  
  68  6:00  Siege Tank  
  73  6:17  Marine x2, Medivac  
  76  6:35  Marine x2  
  76  6:36  Siege Tank  
  78  7:16  Marine x2  
Show
View Real Time Build Order
Export as new Build Order

SI 1 (Elitarna) Zerg - Winner!

Build Orders: Pool First 

Get SALT Encoding   

  12  0:00  Drone  
  13  0:12  Overlord  
  13  0:16  Drone  
  14  0:30  Drone x2  
  16  0:43  Spawning Pool  
  16  0:45  Drone  
  16  0:49  Drone  
  17  1:12  Hatchery  
  17  1:13  Drone  
  17  1:17  Extractor  
  17  1:18  Drone  
  17  1:23  Drone  
  18  1:28  Drone  
  19  1:38  Overlord  
  19  1:45  Queen  
  21  1:49  Zergling x2  
  22  2:00  Drone  
  23  2:10  Drone  
  24  2:21  Queen, Drone  
  27  2:26  Roach Warren  
  26  2:30  Drone  
  26  2:35  Drone  
  28  2:38  Zergling x2  
  28  2:43  Zergling x2  
  30  2:47  Overlord  
  30  2:52  Drone  
  30  2:53  Drone  
  30  2:55  Drone  
  33  2:59  Drone  
  34  3:06  Roach  
  34  3:07  Roach  
  34  3:11  Roach  
  40  3:16  Roach  
  40  3:18  Overlord  
  42  3:24  Drone x2  
  44  3:28  Overlord  
  44  3:32  Overlord  
  44  3:36  Roach  
  44  3:39  Roach  
  48  3:42  Roach  
  48  3:45  Roach  
  52  3:48  Roach  
  52  3:51  Roach  
  52  3:54  Roach  
  58  3:57  Roach  
  58  3:59  Drone  
  58  4:02  Drone  
  62  4:03  Drone  
  62  4:05  Drone  
  62  4:08  Extractor  
  64  4:10  Drone  
  64  4:14  Overlord  
  64  4:19  Overlord  
  64  4:21  Drone  
  64  4:23  Drone  
  66  4:25  Drone  
  66  4:27  Drone  
  68  4:32  Roach x2  
  68  4:35  Roach  
  76  4:38  Roach  
  76  4:41  Overlord  
  76  4:43  Drone  
  77  4:45  Drone  
  77  4:47  Drone  
  69  4:56  Queen  
  69  4:59  Zergling x2  
  69  5:02  Zergling x2  
  69  5:04  Drone  
  69  5:06  Drone  
  72  5:08  Drone  
  72  5:10  Drone  
  72  5:13  Roach  
  76  5:16  Overlord  
  76  5:19  Drone  
  76  5:20  Drone  
  78  5:23  Drone  
  78  5:27  Lair  
  79  5:33  Drone  
  80  5:40  Overlord  
  80  5:42  Drone  
  81  5:44  Drone  
  81  5:46  Drone  
  81  5:47  Drone  
  81  5:49  Drone  
  85  5:53  Drone  
  78  5:59  Drone  
  78  6:03  Drone  
  74  6:19  Queen  
  74  6:23  Drone  
  69  6:26  Hydralisk Den  
  69  6:28  Infestation Pit  
  69  6:32  Drone  
  65  6:45  Drone  
  66  6:49  Drone  
  66  6:53  Drone  
  68  6:57  Drone  
  68  6:59  Drone  
  68  7:00  Hydralisk  
  72  7:06  Infestor  
  68  7:09  Queen  
  67  7:19  Hydralisk  
  68  7:23  Drone  
  68  7:27  Drone  
  68  7:29  Drone  
  70  7:32  Drone  
  70  7:36  Zergling x2  
  67  7:41  Drone  
  64  7:46  Drone  
  60  7:53  Drone  
Tags
 
Add a new tag
Caveats
  • Supply blocks, unpowered buildings, or Contaminate may cause inaccurate times.
  • Supply counts are checked every 10 seconds.